 Dungeon Crawl Stone Soup version 0.29.1-12-g30fa7ad0bf (webtiles) character file.

Game seed: 2671487964686714450

210 Unglued128 the Magician (level 5, -2/38 HPs)
             Began as a Draconian Fire Elementalist on Jan 3, 2023.
             Slain by an ogre
             ... wielding a +0 giant spiked club
              (16 damage)
             ... on level 4 of the Dungeon.
             The game lasted 00:12:51 (3620 turns).

Unglued128 the Magician (DrFE)                      Turns: 3620, Time: 00:12:53

Health: -2/38      AC:  5    Str: 10    XL:     5   Next: 56%
Magic:  14/20      EV: 12    Int: 17    God:
Gold:   254        SH:  5    Dex: 12    Spells: 9/12 levels left

rFire   . . .      SeeInvis .   i - +0 quarterstaff
rCold   . . .      Faith    .   (shield currently unavailable)
rNeg    . . .      Spirit   .   (body armour unavailable)
rPois   .          Reflect  +   (helmet restricted)
rElec   .          Harm     .   (no cloak)
rCorr   .          Rampage  .   (no gloves)
Will    .....                   (no boots)
Stlth   ++........              g - amulet of reflection
HPRegen 0.12/turn               d - ring of magical power
MPRegen 0.17/turn               (no ring)

@: no status effects
A: AC +5, unfitting armour, cold-blooded
a: no special abilities


You were on level 4 of the Dungeon.
You visited 1 branch of the dungeon, and saw 4 of its levels.

You collected 254 gold pieces.

Inventory:

Hand Weapons
 i - a +0 quarterstaff (weapon)
Missiles
 j - a throwing net
Jewellery
 d - a ring of magical power (left hand)
 g - an amulet of reflection (around neck)
Scrolls
 c - 3 scrolls of fog
Potions
 a - a potion of magic
 b - a potion of mutation
 e - a potion of might {unknown}
 f - a potion of curing {unknown}
 h - a potion of degeneration {unknown}


   Skills:
 + Level 0.2 Fighting
 + Level 1.8 Dodging
 + Level 2.6 Stealth
 + Level 0.1 Unarmed Combat
 + Level 4.2 Spellcasting
 + Level 1.1 Conjurations
 + Level 4.1 Fire Magic


You had 9 spell levels left.
You knew the following spells:

 Your Spells              Type           Power      Damage    Failure   Level
a - Foxfire               Conj/Fire      48%        2x1d6     5%          1
b - Scorch                Fire           34%        2d6       4%          2

Your spell library contained the following spells:

 Spells                   Type           Power      Damage    Failure   Level
 Conjure Flame            Conj/Fire      12%        6-21      16%         3
 Inner Flame              Hex/Fire       10%        N/A       21%         3
 Flame Wave               Conj/Fire      12%        2d6       45%         4


Dungeon Overview and Level Annotations

Branches:
Dungeon (4/15)
 Temple: D:4-7

Altars:

Annotations:
D:4 Grinder


Innate Abilities, Weirdness & Mutations

Your plain brown scales are hard. (AC +5)
You cannot fit into any form of body armour.
You are cold-blooded and may be slowed by cold attacks.


Message History

Casting: Scorch (safe; 4% risk of failure)
Confirm with . or Enter, or press ? or * to list all spells.
Flames lash the orc priest.
The orc priest is heavily wounded.
The orc priest's fire resistance burns away.
The orc priest closely misses you.
Casting: Scorch (safe; 4% risk of failure)
Confirm with . or Enter, or press ? or * to list all spells.
Flames lash the orc priest.
The orc priest is burned terribly!
You kill the orc priest!
Your Spellcasting skill increases to level 4!
You climb upwards.
There is a stone staircase leading down, spattered with blood here.
You start resting.
Magic restored.
You start resting.
HP restored.
Done exploring.
You can't go up here!
You climb downwards.
Level annotation: Grinder
There is a stone staircase leading up here.
Casting: Scorch (safe; 4% risk of failure)
Confirm with . or Enter, or press ? or * to list all spells.
Flames lash the ogre.
The ogre is moderately wounded.
The ogre's fire resistance burns away.
The ogre hits you with a +0 giant spiked club!!
Ouch! That really hurt!
Casting: Scorch (safe; 4% risk of failure)
Confirm with . or Enter, or press ? or * to list all spells.
Flames lash the ogre.
The ogre is burned terribly!
The ogre is heavily wounded.
Casting: Scorch (safe; 4% risk of failure)
Confirm with . or Enter, or press ? or * to list all spells.
Flames lash the ogre.
The ogre is burned terribly!
The ogre is almost dead.
The orc priest shouts!
The ogre hits you with a +0 giant spiked club!
You die...

.# .# .. #?.. ...
h... ....).. ....
.....#.# ## ....
.....#... .. ..##
....)..#)# ##.###.
.....# #..#......o
.....## #)@O..#
##...........[.##
#####<.....######.##
...........# ##
############


You could see an ogre (combustible) and an orc priest.

Vanquished Creatures
  A wight (D:3)
  An orc priest (D:4)
  An iguana (D:4)
  3 gnolls
  3 adders
  A dart slug (D:4)
  4 endoplasms
  4 giant cockroaches
  4 goblins
  5 hobgoblins
  4 jackals (D:2)
  2 quokkas (D:3)
  3 ball pythons
  4 bats
  2 frilled lizards (D:3)
  7 kobolds
  4 rats
53 creatures vanquished.

Vanquished Creatures (others)
  30 foxfires
30 creatures vanquished.

Grand Total: 83 creatures vanquished

Notes
Turn   | Place    | Note
-------+----------+-------------------------------------------
     0 | D:1      | Unglued128 the Draconian Fire Elementalist began the quest
                  | for the Orb.
     0 | D:1      | Reached XP level 1. HP: 14/14 MP: 3/3
   500 | D:1      | Found a faded altar of an unknown god.
   583 | D:1      | Reached XP level 2. HP: 19/20 MP: 5/5
   588 | D:1      | Learned a level 2 spell: Scorch
  1699 | D:2      | Reached XP level 3. HP: 26/26 MP: 6/6
  2827 | D:4      | Noticed a wight
  2828 | D:4      | Noticed an ogre
  2830 | D:4      | Reached XP level 4. HP: 33/33 MP: 8/8
  2832 | D:4      | Noticed a black bear
  2984 | D:4      | Noticed Grinder
  3060 | D:3      | Reached XP level 5. HP: 36/38 MP: 0/10
  3620 | D:4      | Slain by an ogre

Illustrated notes

Levels and vault maps discovered:
D:1:      minmay_arrival_widening_spiral_wide, layout_basic,
          basic_ecumenical_altar
D:2:      layout_loops_ring, serial_aquarium, aquarium_bridge_straight
          [aquarium_subvault_bridge, aquarium_subvault_wall,
          aquarium_subvault_bridge, aquarium_subvault_balcony],
          aquarium_window_1, aquarium_window_3, aquarium_window_1,
          aquarium_window_fake, aquarium_view_2b, aquarium_balcony_1b,
          nrook_mini_backslash
D:3:      layout_basic
D:4:      layout_rooms, gammafunk_ghost_cemetery, nrook_campfire,
          nicolae_elemental_shop, uniq_grinder

Skill      XL: |  1  2  3  4  5 |
---------------+----------------+-----
Stealth        | 2 |  2.6
Spellcasting   | 3 4 |  4.2
Fire Magic     | 4 |  4.1
Fighting       | |  0.2
Dodging        | |  1.8
Unarmed Combat | |  0.1
Conjurations   | |  1.1

Action                   |  1- 3 |  4- 6 || total
-------------------------+-------+-------++-------
Melee: Unarmed           |     5 |       ||     5
       Tailslap          |     1 |       ||     1
       Quarterstaff      |       |     1 ||     1
 Cast: Foxfire           |    13 |     2 ||    15
       Scorch            |    40 |    23 ||    63
  Use: Scroll            |     7 |       ||     7
Armor: Skin              |     4 |     3 ||     7
Dodge: Dodged            |    19 |     6 ||    25
Block: Other             |       |     3 ||     3
